Map: Seeds of Aiur

Players

Erfeyah - Winner!

  • Race: Terran Terran
  • Spawn Location: 7:00

VOD

Have the link to the VOD?

Description

Time

  • Played on: Nov. 27, 2017, 3:58 p.m.
  • Length: 18:20
Show
View Real Time Build Order
Export as new Build Order

Erfeyah Terran - Winner!

Build Orders:  

Get SALT Encoding   

  12  0:03  SCV  
  12  0:18  Supply Depot  
  12  0:20  SCV  
  12  0:32  SCV  
  12  0:46  SCV, Barracks  
  12  0:58  SCV  
  12  1:03  Supply Depot  
  12  1:10  SCV  
  12  1:22  SCV  
  12  1:33  Marine  
  12  1:34  SCV  
  12  1:46  Supply Depot  
  12  1:47  SCV  
  12  1:51  Marine  
  12  2:01  SCV  
  12  2:09  Marine  
  12  2:13  SCV  
  12  2:25  SCV  
  12  2:26  Supply Depot  
  12  2:27  Marine  
  12  2:38  SCV  
  12  2:45  Marine  
  12  2:50  SCV  
  12  3:02  SCV, Marine  
  12  3:14  SCV  
  12  3:23  Marine  
  12  3:34  SCV  
  12  3:42  Bunker  
  12  3:56  Supply Depot  
  12  4:06  SCV  
  12  4:07  Marine  
  12  4:29  SCV, Supply Depot  
  12  4:31  Marine  
  12  4:41  SCV  
  12  4:56  SCV, Marine  
  12  5:02  Command Center  
  12  5:12  SCV, Barracks  
  12  5:14  Marine  
  12  5:26  SCV  
  12  5:32  Marine  
  12  5:41  SCV  
  12  5:53  SCV, Marine  
  12  6:00  Barracks  
  12  6:05  SCV  
  12  6:08  Marine  
  12  6:11  Marine  
  12  6:14  SCV  
  12  6:19  SCV  
  12  6:56  Marine x2  
  12  7:34  Refinery  
  12  8:01  Marine x2  
  12  8:06  SCV x2  
  12  8:23  Command Center  
  12  8:40  Marine  
  12  8:41  Marine  
  12  8:48  SCV x2  
  12  8:58  Marine x2  
  12  9:00  SCV  
  12  9:03  SCV  
  12  9:16  Marine x2  
  12  9:31  Factory, SCV  
  12  9:32  SCV  
  12  9:34  Marine  
  12  9:35  Marine  
  12  9:44  SCV  
  12  9:52  Marine  
  12  9:53  Marine  
  12  9:59  SCV x3  
  12  10:10  Marine  
  12  10:11  Marine  
  12  10:14  SCV x2  
  12  10:15  SCV  
  12  10:27  Marine  
  12  10:28  Marine  
  12  10:40  Starport  
  12  10:45  Marine  
  12  10:46  Marine  
  12  11:10  SCV x2  
  12  11:11  Marine  
  12  11:21  Starport  
  12  11:31  Supply Depot  
  12  11:52  Marine x2  
  12  11:53  SCV x2  
  12  11:54  Supply Depot  
  12  11:59  Starport  
  12  12:10  Marine x2  
  12  12:16  Viking  
  12  12:18  Supply Depot  
  12  12:19  Medivac  
  12  12:26  Supply Depot  
  12  12:28  Marine x2  
  12  12:30  Refinery  
  12  12:34  Refinery  
  12  12:41  Supply Depot  
  12  12:46  Medivac  
  12  12:50  Supply Depot  
  12  12:57  SCV  
  12  12:58  SCV x2, Marine x2  
  12  13:02  Medivac  
  12  13:05  Supply Depot  
  12  13:13  Supply Depot  
  12  13:16  Marine  
  12  13:17  Orbital Command  
  12  13:26  Orbital Command  
  12  13:29  Supply Depot  
  12  13:35  Orbital Command  
  12  13:37  Supply Depot  
  12  13:52  Medivac x3, Supply Depot  
  12  13:57  Marine x2  
  12  14:00  SCV x2, Supply Depot  
  12  14:15  Marine x2  
  12  14:16  Supply Depot  
  12  14:22  Medivac x2  
  12  14:24  SCV x2  
  12  14:25  SCV  
  12  14:33  Marine  
  12  14:55  SCV x2  
  12  14:56  SCV  
  12  15:14  Marine  
  12  15:15  Marine  
  12  15:16  Viking  
  12  15:18  Medivac x2  
  12  15:44  SCV x2  
  12  15:45  Marine x2  
  12  15:46  Medivac  
  12  15:48  Medivac x2  
  12  16:03  Marine x2  
  12  16:16  SCV x2  
  12  16:19  Medivac x3  
  12  16:20  Marine  
  12  16:21  Marine  
Tags
 
Add a new tag
Caveats
  • Supply blocks, unpowered buildings, or Contaminate may cause inaccurate times.
  • Supply counts are checked every 10 seconds.